 Dungeon Sprint DCSS version 0.23.0 (webtiles) character file.

Game seed: 4353189125134535677

2044 sanboga the Cleaver (level 9, 0/64 HPs)
             Began as a Gargoyle Berserker on Feb 11, 2019.
             Was a High Priest of Trog.
             Shot with a bolt by a yaktaur (7 damage)
             ... in the Dungeon (Sprint II: "The Violet Keep of Menkaure").
             The game lasted 00:02:12 (522 turns).

sanboga the Cleaver (Gargoyle Berserker)             Turns: 522, Time: 00:02:13

Health: 0/64       AC: 22    Str: 25    XL:     9   Next: 24%
Magic:  9/9        EV:  8    Int:  7    God:    Trog [*****.]
Gold:   360        SH:  0    Dex:  9    Spells: 8/8 levels left

rFire    . . .     SeeInvis .   a - +0 hand axe
rCold    . . .     Gourm    .   (no shield)
rNeg     + . .     Faith    .   e - +1 plate armour {MR+}
rPois    ∞         Spirit   .   (no helmet)
rElec    +         Reflect  .   (no cloak)
rCorr    .         Harm     .   (no gloves)
MR       +....     NoTele   +   (no boots)
Stlth    ..........             (no amulet)
HPRegen  0.20/turn              (no ring)
MPRegen  0.11/turn              (no ring)

@: berserk cooldown, slowed, very slow
A: negative energy resistance 1, electricity resistance, unbreathing,
petrification resistance, rot immunity, AC +6
a: Berserk, Trog's Hand, Brothers in Arms, Renounce Religion


You were in the Dungeon.
You worshipped Trog.
Trog was extremely pleased with you.
You were near starving.

You visited 1 branch You collected 984 gold pieces.
You spent 624 gold pieces at shops.

Inventory:

Hand Weapons
 a - a +0 hand axe (weapon)
Armour
 e - a +1 plate armour of magic resistance (worn)
Scrolls
 i - a scroll of blinking
Potions
 d - a potion of curing
 f - a potion of haste
 g - 2 potions of magic
 h - a potion of berserk rage
Comestibles
 c - a ration


   Skills:
 + Level 11.5 Fighting
 * Level 13.1 Axes
 + Level 11.3 Armour
 - Level 1.5 Dodging


You had 8 spell levels left.
You didn't know any spells.
Your spell library was empty.

Dungeon Overview and Level Annotations

Branches:
Dungeon (1/1)

Altars:
Cheibriados
Dithmenos
Elyvilon
Hepliaklqana
Kikubaaqudgha
Makhleb
Qazlal
Ru
Sif Muna
Trog
Uskayaw
Wu Jian
Xom
Yredelemnul
Zin
The Shining One
Beogh
Jiyva
Lugonu

Shops:
D :(:}%!*==[?[!*}=

Annotations:
D exclusion: oklob plant


Innate Abilities, Weirdness & Mutations

You are resistant to torment.
Your stone body is resilient. (AC +6)
You are immune to poison.
You resist negative energy. (rN+)
You are resistant to electric shocks. (rElec)
You can survive without breathing.
You are immune to petrification.
You are immune to rotting.


Message History

You barely miss the yaktaur. The hornet barely misses you.
You hit the hornet.
The hornet is almost dead.
You hit the yaktaur. The hornet stings you!
* * * LOW HITPOINT WARNING * * *
The yaktaur hits you but does no damage.
You slice the hornet!!
You kill the hornet!
Trog accepts your kill.
Trog will now gift you weapons as you gain piety.
Your Axes skill increases to level 13!
Your plate armour prevents you from hitting the yaktaur.
You are no longer berserk.
You are exhausted.
You feel yourself slow down. The yaktaur hits you.
* * * LOW HITPOINT WARNING * * *
The yaktaur hits you but does no damage.
The yaktaur wields a +3 arbalest of flaming.
It bursts into flame!
The yaktaur shoots a bolt.
The bolt hits you!
You die...

## #. .##.### +.### #.#
...# ...#### .####..##
#..##@# ###.##..#
+..#..# ##...#..#
#.^#c.#
.')#.+..####.^##.#
##...#....###...##▓▓
###.##......≈≈≈≈≈≈≈≈≈≈≈
.####≈≈.....≈#+########
..#≈≈≈≈≈≈≈..≈#.._._._.#
###≈≈≈≈≈≈§≈.≈#._._._..#


You could see a yaktaur.

Vanquished Creatures
  A merfolk siren (D)
  3 polar bears (D)
  A hornet (D)
  2 hippogriffs (D)
  Menkaure (D)
  4 necrophages (D)
  A hell rat (D)
  4 worker ants (D)
17 creatures vanquished.

Vanquished Creatures (others)
  A crocodile (D)
1 creature vanquished.

Grand Total: 18 creatures vanquished

Notes
Turn   | Place    | Note
-------+----------+-------------------------------------------
     0 | D        | sanboga the Gargoyle Berserker began the quest for the Orb.
     0 | D        | Reached XP level 1. HP: 14/14 MP: 1/1
     1 | D        | Noticed a necrophage
     1 | D        | Noticed a necrophage
     1 | D        | Noticed a necrophage
     1 | D        | Noticed a necrophage
    10 | D        | Killed a necrophage
    10 | D        | Reached skill level 5 in Fighting
    10 | D        | Reached skill level 6 in Axes
    10 | D        | Reached skill level 5 in Armour
    10 | D        | Reached XP level 2. HP: 8/21 MP: 2/2
    10 | D        | Reached XP level 3. HP: 10/26 MP: 3/3
    10 | D        | Reached XP level 4. HP: 12/31 MP: 4/4
    13 | D        | Killed a necrophage
    13 | D        | Reached skill level 7 in Axes
    13 | D        | Reached XP level 5. HP: 12/37 MP: 5/5
    22 | D        | Killed a necrophage
    22 | D        | Reached ** piety under Trog
    22 | D        | Reached skill level 8 in Axes
    22 | D        | Reached XP level 6. HP: 39/44 MP: 6/6
    33 | D        | Killed a necrophage
    33 | D        | Reached skill level 9 in Axes
    68 | D        | Noticed a hippogriff
    68 | D        | Noticed a hippogriff
    75 | D        | Killed a hippogriff
    75 | D        | Reached skill level 10 in Axes
    75 | D        | Reached XP level 7. HP: 51/51 MP: 7/7
    81 | D        | Killed a hippogriff
   120 | D        | Noticed a merfolk siren
   132 | D        | Killed a merfolk siren
   132 | D        | Reached *** piety under Trog
   132 | D        | Reached skill level 10 in Fighting
   132 | D        | Reached skill level 11 in Axes
   132 | D        | Reached XP level 8. HP: 57/57 MP: 8/8
   219 | D        | Received a gift from Trog
   219 | D        | Reached **** piety under Trog
   219 | D        | Reached skill level 10 in Armour
   354 | D        | Found Hulokiyl's Jewellery Shoppe.
   354 | D        | Found Efadd's Antique Armour Shoppe.
   354 | D        | Found Cauhun's Assorted Antiques.
   354 | D        | Found Decw's General Store.
   354 | D        | Found Faobuk's Jewellery Shoppe.
   354 | D        | Found Puqesiot's Magic Scroll Emporium.
   355 | D        | Found Tus Toank's Gadget Emporium.
   355 | D        | Found Hujur's Antique Armour Shoppe.
   355 | D        | Found Ykitz's Jewellery Emporium.
   355 | D        | Found Xewymema's Food Shoppe.
   355 | D        | Found Juen's Gadget Emporium.
   356 | D        | Found Zakin's Book Shoppe.
   356 | D        | Found Lisydeni's Antique Weapon Emporium.
   356 | D        | Noticed a manticore
   357 | D        | Found Igusuaf's Distillery.
   357 | D        | Found Efecirgh's Distillery.
   357 | D        | Noticed a manticore
   358 | D        | Noticed Menkaure
   358 | D        | Noticed a manticore
   358 | D        | Noticed an oklob plant
   359 | D        | Found Ujaomiocs's Book Shoppe.
   359 | D        | Noticed a shining eye
   373 | D        | Killed Menkaure
   377 | D        | Noticed a shining eye
   377 | D        | Noticed a shining eye
   400 | D        | Bought a runed plate armour for 624 gold pieces
   450 | D        | Noticed a flying skull
   450 | D        | Noticed a flying skull
   460 | D        | Noticed a flying skull
   463 | D        | Reached skill level 12 in Axes
   471 | D        | Noticed a flying skull
   472 | D        | Noticed a flying skull
   473 | D        | Noticed a flying skull
   475 | D        | Noticed a flying skull
   475 | D        | Noticed a flying skull
   476 | D        | Noticed a flying skull
   477 | D        | Noticed a flying skull
   477 | D        | Noticed a flying skull
   477 | D        | Noticed a flying skull
   485 | D        | Found a roughly hewn altar of Beogh.
   486 | D        | Found a hazy altar of Hepliaklqana.
   486 | D        | Found a snail-covered altar of Cheibriados.
   487 | D        | Found a stormy altar of Qazlal.
   487 | D        | Found a viscous altar of Jiyva.
   487 | D        | Found a shadowy altar of Dithmenos.
   488 | D        | Found a sacrificial altar of Ru.
   488 | D        | Found an ancient bone altar of Kikubaaqudgha.
   488 | D        | Found a white marble altar of Elyvilon.
   489 | D        | Found an ornate altar of the Wu Jian Council.
   489 | D        | Found a deep blue altar of Sif Muna.
   489 | D        | Found a corrupted altar of Lugonu.
   490 | D        | Found a shimmering altar of Xom.
   490 | D        | Found a bloodstained altar of Trog.
   490 | D        | Found a burning altar of Makhleb.
   491 | D        | Found a glowing golden altar of the Shining One.
   491 | D        | Found a basalt altar of Yredelemnul.
   491 | D        | Found a hide-covered altar of Uskayaw.
   492 | D        | Found a glowing silver altar of Zin.
   493 | D        | Noticed a yaktaur
   493 | D        | Noticed a hornet
   493 | D        | Noticed a polar bear
   493 | D        | Noticed a polar bear
   502 | D        | Killed a polar bear
   503 | D        | Noticed a polar bear
   510 | D        | Killed a polar bear
   510 | D        | Reached XP level 9. HP: 56/64 MP: 9/9
   515 | D        | Killed a polar bear
   519 | D        | Killed a hornet
   519 | D        | Reached ***** piety under Trog
   519 | D        | Reached skill level 13 in Axes
   522 | D        | Shot with a bolt by a yaktaur

Skill      XL: |  1  2  3  4  5  6  7  8  9 |
---------------+----------------------------+-----
Fighting       | 5 6 7 9 10 11 | 11.5
Axes           | 6 7 8 10 11 12 13 | 13.1
Armour         | 5 6 7 8 9 10 11 | 11.3
Dodging        | |  1.5

Action                   |  1- 3 |  4- 6 |  7- 9 || total
-------------------------+-------+-------+-------++-------
Melee: Hand axe          |     8 |    28 |    64 ||   100
Invok: Berserk           |     1 |     1 |     3 ||     5
  Use: Potion            |       |     1 |       ||     1
  Eat: Chunk             |       |       |     2 ||     2
Armor: Animal skin       |       |    10 |     3 ||    13
       Plate armour      |       |       |    25 ||    25
Dodge: Dodged            |       |    11 |    21 ||    32
